 Dungeon Crawl Stone Soup version 0.25-a0-316-gd28d56f9c5 (webtiles) character file.

Game seed: 3820524952277715506, levelgen mode: classic

1569 Borgoz the Slasher (level 8, 0/49 HPs)
             Began as a Gargoyle Berserker on Dec 24, 2019.
             Was an Elder of Trog.
             Slain by a hog (4 damage)
             ... on level 7 of the Dungeon.
             The game lasted 00:07:21 (5056 turns).

Borgoz the Slasher (Gargoyle Berserker)             Turns: 5056, Time: 00:07:22

Health: 0/49       AC: 15    Str: 27    XL:     8   Next: 90%
Magic:  8/8        EV: 13    Int:  7    God:    Trog [****..]
Gold:   351        SH:  0    Dex: 11    Spells: 7/7 levels left

rFire    + . .     SeeInvis +   a - +0 falchion
rCold    . . .     Gourm    .   (no shield)
rNeg     + . .     Faith    .   x - +0 scale mail
rPois    ∞         Spirit   .   (no helmet)
rElec    +         Reflect  .   (no cloak)
rCorr    .         Harm     .   e - +0 pair of gloves {archery}
MR       .....                  m - +0 pair of boots
Stlth    ..........             (no amulet)
HPRegen  0.16/turn              k - ring of protection from fire
MPRegen  0.11/turn              p - ring of see invisible

@: mighty, berserk cooldown
A: negative energy resistance 1, electricity resistance, unbreathing,
petrification resistance, rot immunity, AC +5
a: Berserk, Trog's Hand, Brothers in Arms, Renounce Religion


You were on level 7 of the Dungeon.
You worshipped Trog.
Trog was greatly pleased with you.
You were near starving.

You visited 1 branch of the dungeon, and saw 7 of its levels.

You collected 411 gold pieces.
You spent 60 gold pieces at shops.

Inventory:

Hand Weapons
 a - a +0 falchion (weapon)
Armour
 e - a +0 pair of gloves of archery (worn)
 m - a +0 pair of boots (worn)
 x - a +0 scale mail (worn)
Jewellery
 k - a ring of protection from fire (left hand)
 p - a ring of see invisible (right hand)
Wands
 d - a wand of digging (3)
 o - a wand of flame (31)
Scrolls
 b - a scroll of identify
 f - a scroll of remove curse
 h - a scroll of random uselessness {unknown}
 j - 2 scrolls of fear {unknown}
 l - 4 scrolls of teleportation {unknown}
 n - 2 scrolls of amnesia {unknown}
 r - a scroll of enchant armour {unknown}
 v - 2 scrolls of enchant weapon {unknown}
 y - a scroll of magic mapping
Potions
 g - a potion of flight
 i - a potion of magic
 q - a potion of ambrosia
 s - 2 potions of might
 t - 2 potions of curing
 u - a potion of invisibility
 w - 3 potions of mutation
 z - 2 potions of berserk rage
Comestibles
 c - 9 rations


   Skills:
 + Level 5.2 Fighting
 * Level 6.5 Long Blades
 + Level 5.3 Armour
 * Level 5.6 Dodging


You had 7 spell levels left.
You didn't know any spells.
Your spell library was empty.

Dungeon Overview and Level Annotations

Branches:
Dungeon (7/15)             Temple (0/1) D:4

Altars:
Cheibriados
Dithmenos
Kikubaaqudgha
Uskayaw
Vehumet

Shops:
D:4 ?   D:6 =

Annotations:
D:4 3 runed translucent doors, TreWolfie's ghost, amateur VSFi


Innate Abilities, Weirdness & Mutations

You are resistant to torment.
Your stone body is resilient. (AC +5)
You are immune to poison.
You resist negative energy. (rN+)
You are resistant to electric shocks. (rElec)
You can survive without breathing.
You are immune to petrification.
You are immune to rotting.


Message History

The hog is heavily wounded.
You feel yourself speed up. The hog closely misses you.
The hog barely misses you.
Okay, then.
You hit the hog.
The hog is heavily wounded.
The hog bites you.
* * * LOW HITPOINT WARNING * * *
The hog misses you.
You slash the hog!
The hog is almost dead.
The hog bites you but does no damage.
You barely miss the hog.
The hog is almost dead.
The hog bites you!
* * * LOW HITPOINT WARNING * * *
You barely miss the hog.
The hog is almost dead.
The hog bites you.
You die...

#.............
#######......... #
#..#%%#......... #.
#..#.%####...### ##.
#..'..# #...# ...
#..#..# #...# #?#
#..#).# #...# #.##
###'####...#
#.@###....##....##
#.#hh.##.#.......#
...##h>.....#.###.##
#.###
#..###..#.###... #
#..#...........#
#..#.#..........
#.......#.##..##
#.............#
#.#####.#..†.##


You could see 3 hogs.

Vanquished Creatures
  A hog (D:7)
  A human (D:7)
  A sky beast (D:7)
  2 ice beasts (D:6)
  An ogre (D:7)
  2 centaurs
  2 bullfrogs
  3 scorpions
  A howler monkey (D:6)
  A crimson imp (D:6)
  A hound (D:7)
  A jelly (D:7)
  An iguana (D:5)
  4 orc wizards (D:4)
  3 worker ants
  A hound skeleton (D:4)
  5 adders
  A shadow imp (D:5)
  3 oozes
  2 adder zombies
  A worm (D:6)
  A dart slug (D:1)
  3 leopard geckos
  11 orcs
  3 ball pythons
  6 giant cockroaches
  5 goblins
  10 hobgoblins
  6 quokkas
  11 bats
  6 frilled lizards
  8 kobolds
  4 rats
112 creatures vanquished.

Vanquished Creatures (others)
  4 toadstools (D:3)
4 creatures vanquished.

Grand Total: 116 creatures vanquished

Notes
Turn   | Place    | Note
-------+----------+-------------------------------------------
     0 | D:1      | Borgoz the Gargoyle Berserker began the quest for the Orb.
     0 | D:1      | Reached XP level 1. HP: 14/14 MP: 1/1
    43 | D:1      | Reached XP level 2. HP: 15/19 MP: 2/2
    77 | D:1      | Reached skill level 3 in Long Blades
   340 | D:1      | Reached XP level 3. HP: 18/23 MP: 3/3
   454 | D:1      | Reached ** piety under Trog
   849 | D:2      | Reached XP level 4. HP: 18/28 MP: 4/4
  1228 | D:3      | Noticed a centaur
  1236 | D:3      | Killed a centaur
  1236 | D:3      | Reached skill level 4 in Long Blades
  1236 | D:3      | Reached XP level 5. HP: 13/32 MP: 5/5
  1627 | D:3      | Reached *** piety under Trog
  2087 | D:4      | Found an ancient bone altar of Kikubaaqudgha.
  2106 | D:4      | Reached XP level 6. HP: 27/37 MP: 6/6
  2189 | D:4      | Found a staircase to the Ecumenical Temple.
  2225 | D:4      | Found a shadowy altar of Dithmenos.
  2227 | D:4      | Found a snail-covered altar of Cheibriados.
  2275 | D:4      | Found a runed translucent gate.
  2276 | D:4      | Found a runed translucent gate.
  2298 | D:4      | Noticed an ice beast
  2298 | D:4      | Noticed TreWolfie's ghost (amateur VSFi)
  2690 | D:4      | Found a runed translucent gate.
  2770 | D:4      | Found Plog's Magic Scroll Emporium.
  2789 | D:4      | Bought a scroll of identify for 22 gold pieces
  2789 | D:4      | Bought a scroll of magic mapping for 38 gold pieces
  2847 | D:4      | Reached XP level 7. HP: 42/42 MP: 7/7
  2995 | D:4      | Found a radiant altar of Vehumet.
  3107 | D:5      | Entered Level 5 of the Dungeon
  3460 | D:5      | Reached skill level 5 in Long Blades
  3878 | D:6      | Found Zav Wek's Jewellery Boutique.
  4164 | D:6      | Reached XP level 8. HP: 48/48 MP: 8/8
  4392 | D:6      | Found a hide-covered altar of Uskayaw.
  4565 | D:7      | Reached skill level 5 in Dodging
  4886 | D:7      | Reached skill level 6 in Long Blades
  4886 | D:7      | Reached skill level 5 in Armour
  5027 | D:7      | Reached skill level 5 in Fighting
  5047 | D:7      | Reached **** piety under Trog
  5056 | D:7      | Slain by a hog

Levels and vault maps discovered:
D:1:      nicolae_arrival_washed_ashore, layout_basic
D:2:      kennysheep_big_flooded_room, layout_rooms
D:3:      layout_basic, minmay_gold_behind_fungi
D:4:      layout_loops_ring, nicolae_overflow_hidden_temple,
          lemuel_doored_altar, minmay_temple_entry_large_hall, serial_shops,
          shop_coins, gammafunk_ghost_icy, first_ration,
          chequers_serial_rivers_large_a
D:5:      layout_gridville
D:6:      layout_rooms, nicolae_overflow_crystal_walls, serial_curves,
          eino_curves_02, eino_curves_04, eino_curves_01, serial_shops,
          nicolae_shop_window_shopping
D:7:      layout_loops_cross, kennysheep_mini_moat, lemuel_round_altar,
          grunt_livestock, lemuel_old_faithful

Skill      XL: |  1  2  3  4  5  6  7  8 |
---------------+-------------------------+-----
Long Blades    | 3 4 5 6 |  6.5
Dodging        | 2 3 4 5 |  5.6
Armour         | 3 4 5 |  5.3
Fighting       | 4 5 |  5.2

Action                   |  1- 3 |  4- 6 |  7- 9 || total
-------------------------+-------+-------+-------++-------
Melee: Falchion          |   105 |   181 |   240 ||   526
Invok: Berserk           |     1 |     3 |     4 ||     8
       Trog's Hand       |       |     1 |       ||     1
  Use: Scroll            |       |     7 |     5 ||    12
       Potion            |       |     1 |     2 ||     3
  Eat: Chunk             |     1 |    10 |     9 ||    20
Armor: Animal skin       |    65 |    82 |       ||   147
       Skin              |       |    57 |       ||    57
       Scale mail        |       |     9 |   113 ||   122
Dodge: Dodged            |   116 |   115 |   127 ||   358
       Rpst.: Falchion   |    29 |    39 |    47 ||   115

Table legend:
 A = Non-vault XP
 B = Vault XP
 C = Vault XP percentage of total XP
 D = Non-vault monster count
 E = Vault monster count
 F = Vault count percentage of total count
                 A         B        C        D         E       F
            +---------+---------+-------+---------+---------+-------
      Total |    1860 |     382 |  17.0 |     108 |       4 |   3.6
            +---------+---------+-------+---------+---------+-------
        D:1 |      59 |       0 |   0.0 |      29 |       0 |   0.0
        D:2 |      45 |       8 |  15.1 |      12 |       2 |  14.3
        D:3 |     188 |       0 |   0.0 |      28 |       0 |   0.0
        D:4 |     319 |       0 |   0.0 |      12 |       0 |   0.0
        D:5 |     294 |       0 |   0.0 |       8 |       0 |   0.0
        D:6 |     407 |       0 |   0.0 |      11 |       0 |   0.0
        D:7 |     548 |     374 |  40.6 |       8 |       2 |  20.0
            +---------+---------+-------+---------+---------+-------
